 Dungeon Crawl Stone Soup version 0.31.0-11-ge490571c62 (webtiles) character file.

Game seed: 14873262708353919500

7 Bravepunisher the Ducker (level 1, -1/11 HPs)
             Began as a Spriggan Monk on Jan 26, 2024.
             Killed by nerve-wracking pain
             ... invoked by Grinder
              (12 damage)
             ... on level 4 of the Dungeon.
             The game lasted 00:01:45 (299 turns).

Bravepunisher the Ducker (Spriggan Monk)             Turns: 299, Time: 00:01:48

Health: -1/11      AC:  2    Str:  7    XL:     1   Next: 91%
Magic:  2/2        EV: 19    Int: 11    God:
Gold:   25         SH:  0    Dex: 17    Spells: 0/0 levels left

rFire   . . .        a - +0 short sword
rCold   . . .        (no shield)
rNeg    . . .        b - +0 robe
rPois   .            (helmet restricted)
rElec   .            (no cloak)
rCorr   .            (gloves unavailable)
SInv    +            (boots unavailable)
Will    .....        (no amulet)
Stlth   ++           (no ring)
HPRegen 0.21/turn    (no ring)
MPRegen 0.08/turn

%: no passive effects
@: very quick
A: very small, no large weapons, unfitting armour, see invisible, speed 3
a: no special abilities


You were on level 4 of the Dungeon.
You visited 1 branch of the dungeon, and saw 4 of its levels.

You collected 25 gold pieces.

Inventory:

Hand Weapons
 a - a +0 short sword (weapon)
Armour
 b - a +0 robe (worn)
Wands
 g - a wand of flame (17)
Scrolls
 f - a scroll of identify {unknown}
Potions
 c - a potion of ambrosia
 d - a potion of cancellation {unknown}


   Skills:
 * Level 2.7 Fighting
 - Level 3.2 Short Blades
 + Level 4.2 Dodging


You couldn't memorise any spells.
You didn't know any spells.
Your spell library was empty.

Dungeon Overview and Level Annotations

Branches:
Dungeon (4/15)
 Temple: D:4-7

Altars:
Kikubaaqudgha

Annotations:
D:4 Grinder


Innate Abilities, Weirdness & Mutations

You are very small and have problems with some larger weapons.
You are too small for most types of armour.
You have supernaturally acute eyesight. (SInv)
You cover ground extremely quickly. (Speed+++)


Message History

You hit the kobold.
The kobold is moderately wounded.
You completely miss the kobold.
The kobold is moderately wounded.
The kobold closely misses you.
You hit the kobold but do no damage.
The kobold is moderately wounded.
The kobold misses you.
You closely miss the kobold.
The kobold is moderately wounded.
The kobold completely misses you. The kobold closely misses you.
The kobold throws a stone.
The stone closely misses you.
An adder comes into view.
Found a robe and a grey potion.
The adder hisses angrily.
Found 19 gold pieces.
You open the door.
There is an open door here.
You close the door.
A scorpion comes into view.
As you read the scroll labelled OHIUCI CISUKK, it crumbles to dust.
You feel strangely unstable.
It was a scroll of teleportation.
You closely miss the adder. The adder misses you.
You miss the adder.
Your surroundings suddenly seem different.
Found a shiny orb.
You see here an orb of guile.
Found a stone staircase leading down.
Grinder comes into view.
Found a helmet.
Grinder says, "Are you a fish?"
You closely miss Grinder. You barely miss Grinder.
Grinder says, "DUCK!"
Grinder gestures at you. Pain shoots through your body!
Ouch! That really hurt!
You die...
Grinder says, "Hey, I wasn't done torturing you yet!"

#.####
..[.#
#.#.#
#...#
...# >.#
#5# #@#
#.# #.#
#.# #.#
#.#
#.#######
#.......#
#######.#


You could see Grinder.

Vanquished Creatures
  A giant cockroach (D:1)
  A goblin (D:3)
  2 hobgoblins
  A frilled lizard (D:2)
  A kobold (D:2)
  A rat (D:1)
7 creatures vanquished.

Notes
Turn   | Place    | Note
-------+----------+-------------------------------------------
     0 | D:1      | Bravepunisher the Spriggan Monk began the quest for the
                  | Orb.
     0 | D:1      | Reached XP level 1. HP: 11/11 MP: 2/2
   220 | D:4      | Found an ancient bone altar of Kikubaaqudgha.
   256 | D:4      | Noticed a scorpion
   294 | D:4      | Noticed Grinder
   299 | D:4      | Killed from afar by Grinder

Illustrated notes

Levels and vault maps discovered:
D:1:      lordsloth_arrival_two_stooges, layout_basic, minmay_split_cup_large
D:2:      layout_basic, shapermc_ecumenical_altar_mp_ritualfount, serial_shops,
          shop, st_stairs_9, uniq_crazy_yiuf_cottage
D:3:      wander_river, layout_basic, nicolae_tso_swordbearing_angel,
          nicolae_figureground_sparkle
D:4:      layout_basic, kiku_gazebo_garden_becter,
          minmay_temple_entry_proselytizer, uniq_grinder, uniq_sigmund,
          uniq_robin, uniq_menkaure

Action                     || total
---------------------------++-------
  Melee: Short sword       ||    39
         Punch             ||     2
    Use: Scroll            ||     1
   Stab: Sleeping          ||     1
 Armour: Robe              ||     7
  Dodge: Dodged            ||    30
